 Dungeon Crawl Stone Soup version 0.31-a0-569-g7ea453304b (webtiles) character file.

Game seed: 2554378135538758594

95 Ethylacetat the Insei (level 4, 0/31 HPs)
             Began as an Octopode Gladiator on Aug 18, 2023.
             Slain by Pargi (4 damage)
             ... on level 3 of the Dungeon.
             The game lasted 00:01:15 (1398 turns).

Ethylacetat the Insei (Octopode Gladiator)          Turns: 1398, Time: 00:01:16

Health: 0/31       AC:  1    Str: 13    XL:     4   Next: 66%
Magic:  4/4        EV: 14    Int: 10    God:
Gold:   104        SH:  0    Dex: 15    Spells: 3/3 levels left

rFire   . .          .
                       - Unarmed
rCold   + . .        (no shield)
rNeg    . . .        a - +0 hat
rPois   .            (no amulet)
rElec   .            o - ring of protection from cold
rCorr   .            j - ring of flight
SInv    .            (no ring)
Will    .....        (no ring)
Stlth   ++           (no ring)
HPRegen 0.25/turn    (no ring)
MPRegen 0.09/turn    (no ring)
                     (no ring)

%: no passive effects
@: flying
A: almost no armour, amphibious, 8 rings, camouflage 1, gelatinous body 1,
(nimble swimmer 1), tentacles
a: no special abilities


You were on level 3 of the Dungeon.
You visited 1 branch of the dungeon, and saw 3 of its levels.

You collected 104 gold pieces.

Inventory:

Missiles
 b - a throwing net (quivered)
 c - a javelin
Armour
 a - a +0 hat (worn)
Jewellery
 j - a ring of flight (right tentacle)
 o - a ring of protection from cold (left tentacle)
Scrolls
 d - 2 scrolls of teleportation {unknown}
 g - a scroll of brand weapon {unknown}
 h - a scroll of immolation {unknown}
 i - a scroll of amnesia {unknown}
 k - a scroll of identify {unknown}
 q - a scroll of butterflies {unknown}
Potions
 e - a potion of heal wounds {unknown}
 f - a potion of brilliance {unknown}
 l - a potion of curing {unknown}
 m - a potion of berserk rage {unknown}
 n - a potion of ambrosia {unknown}
 p - a potion of haste {unknown}


   Skills:
 + Level 3.1 Fighting
 - Level 2.0 Throwing
 + Level 3.8 Dodging
 + Level 3.9 Unarmed Combat


You had 3 spell levels left.
You didn't know any spells.
Your spell library contained the following spells:

 Spells                   Type           Power      Damage    Failure   Level
 Apportation              Tloc           0%         N/A       36%         1
 Alistair's Intoxication  Tmut/Pois      0%         N/A       100%        5
 Haunt                    Necr/Summ      0%         N/A       100%        7
 Borgnjor's Revivificati  Necr           0%         N/A       100%        8
 Death's Door             Necr           0%         N/A       100%        9


Dungeon Overview and Level Annotations

Branches:
Dungeon (3/15)

Altars:

Annotations:
D:3 Pargi


Innate Abilities, Weirdness & Mutations

You cannot wear most types of armour.
You are amphibious.
You can wear up to eight rings at the same time.
Your skin changes colour to match your surroundings (Stealth+).
Your rubbery body absorbs attacks. (AC +1, EV +1)
((You are camouflaged when in or above water. (Stealth+)))
You have tentacles for arms and can constrict up to eight enemies at once.


Message History

Your squeeze misses the adder.
The adder is moderately wounded.
The adder closely misses you.
You tentacle-slap the adder. You grab the adder.
The adder is almost dead.
You constrict the adder.
You kill the adder!
You closely miss Pargi. Your squeeze misses Pargi. Pargi bites you.
Pargi claws you. x2
Okay, then.
You barely miss Pargi. Pargi barely misses you. Pargi closely misses you.
Pargi claws you.
You tentacle-slap Pargi.
Pargi is lightly wounded.
Pargi bites you. Pargi claws you. Pargi misses you.
You tentacle-slap Pargi.
Pargi is lightly wounded.
You closely miss Pargi. You squeeze Pargi!
Pargi is heavily wounded.
Pargi closely misses you. x2; Pargi claws you.
You tentacle-slap Pargi.
Pargi is severely wounded.
Pargi bites you!
* * * LOW HITPOINT WARNING * * *
Pargi claws you.
* * * LOW HITPOINT WARNING * * *
Pargi barely misses you.
Throw: 3 throwing nets
Press: ? - help, Q - select action, (/) - cycle Shift-Dir - straight line, f - Pargi
Aim: Pargi (heavily wounded, 50% to hit)
You throw a throwing net. The throwing net closely misses Pargi.
Pargi bites you but does no damage. Pargi claws you but does no damage.
Pargi claws you.
* * * LOW HITPOINT WARNING * * *
Throw: 2 throwing nets
Press: ? - help, Q - select action, (/) - cycle Shift-Dir - straight line, f/p - Pargi
Aim: Pargi (heavily wounded, 50% to hit)
You throw a throwing net. The throwing net barely misses Pargi.
Pargi closely misses you. Pargi claws you.
You die...

#.# ###.##
.....##
#.....###
........#
#.)..<#.#
#....##.#
#.#.###.#
#########
.)#.# #.#
#....@T(#
..#.# #.#
#.#####...#
..#.###.####.#
###
.............#
....###.####.#
..### #.# #.#
..# #.# #..
..# #.# ####
..# #.#


You could see Pargi.

Vanquished Creatures
  Jessica (D:2)
  3 gnolls
  2 adders
  3 ball pythons
  A bat (D:2)
  3 endoplasms
  A giant cockroach (D:2)
  2 goblins (D:1)
  5 hobgoblins
  2 frilled lizards
  A rat (D:2)
24 creatures vanquished.

Notes
Turn   | Place    | Note
-------+----------+-------------------------------------------
     0 | D:1      | Ethylacetat the Octopode Gladiator began the quest for the
                  | Orb.
     0 | D:1      | Reached XP level 1. HP: 14/14 MP: 1/1
     2 | D:1      | Noticed a minotaur
     4 | D:1      | Noticed a draconian
     4 | D:1      | Noticed a troll
     6 | D:1      | Noticed an octopode
     8 | D:1      | Noticed an elf
     8 | D:1      | Noticed a naga
    10 | D:1      | Noticed a meteoran
    10 | D:1      | Noticed a tengu
    12 | D:1      | Noticed a formicid
    14 | D:1      | Noticed an ogre
    14 | D:1      | Noticed a felid
    16 | D:1      | Noticed a demigod
    16 | D:1      | Noticed a human
    18 | D:1      | Noticed a merfolk
    18 | D:1      | Noticed a ghoul
    20 | D:1      | Noticed an armataur
    20 | D:1      | Noticed a vine stalker
    22 | D:1      | Noticed a spriggan
    22 | D:1      | Noticed a demonspawn
    24 | D:1      | Noticed a gargoyle
    24 | D:1      | Noticed an elf
    26 | D:1      | Noticed a demonspawn
    26 | D:1      | Noticed a tengu
   199 | D:1      | Reached XP level 2. HP: 19/19 MP: 2/2
   660 | D:2      | Reached XP level 3. HP: 16/25 MP: 3/3
   931 | D:2      | Noticed Jessica
   940 | D:2      | Killed Jessica
  1142 | D:3      | Reached XP level 4. HP: 15/31 MP: 4/4
  1388 | D:3      | Noticed Pargi
  1398 | D:3      | Slain by Pargi

Illustrated notes

Levels and vault maps discovered:
D:1:      kb_arrival_jail, layout_basic
D:2:      layout_basic, minmay_pentomino_x2, uniq_jessica
D:3:      layout_loops_ring, mainiacjoe_overflow_tiny_flanked, uniq_pargi,
          uniq_grinder

Skill      XL: |  1  2  3 |
---------------+----------+-----
Fighting       | 3 |  3.1
Throwing       | |  2.0
Dodging        | |  3.8
Unarmed Combat | |  3.9

Action                     |  1- 3 |  4- 6 || total
---------------------------+-------+-------++-------
  Melee: Unarmed           |    43 |    16 ||    59
         Constrict         |     9 |     3 ||    12
         Tentacles         |     9 |     3 ||    12
         Punch             |     1 |       ||     1
  Throw: Throwing net      |       |     2 ||     2
   Stab: Sleeping          |     5 |       ||     5
 Armour: Skin              |     2 |     2 ||     4
  Dodge: Dodged            |    21 |    16 ||    37

Table legend: (Time is in decaauts)
 A = Elapsed time spent in this place.
 B = Non-inter-level travel time spent in this place.
 C = Inter-level travel time spent in this place.
 D = Time resting spent in this place.
 E = Time spent auto-exploring this place.
 F = Levels seen in this place.
 G = Mean time per level.
                   A        B        C        D        E       F      G
               +--------+--------+--------+--------+--------+-----+--------+
         Total |   1394 |   1356 |     38 |    127 |   1025 |   3 |  464.7 |
       Dungeon |   1394 |   1356 |     38 |    127 |   1025 |   3 |  464.7 |
               +--------+--------+--------+--------+--------+-----+--------+

Top non-repeatable levels by time:
     D:2: 659 daAuts
     D:1: 608 daAuts
     D:3: 127 daAuts
